 Dungeon Crawl Stone Soup version 0.28.0-43-g3370ac3207 (webtiles) character file.

Game seed: 3516904485999149873

415 Ablot the Grasshopper (level 6, -1/76 HPs)
             Began as a Gnoll Warper on Mar 5, 2022.
             Was a Follower of Okawaru.
             Shot with an arrow by a centaur (9 damage)
             ... on level 5 of the Dungeon.
             The game lasted 00:05:39 (4452 turns).

Ablot the Grasshopper (Gnoll Warper)                Turns: 4452, Time: 00:05:39

Health: -1/76      AC:  5    Str: 19    XL:     6   Next: 91%
Magic:  14/14      EV: 13    Int: 12    God:    Okawaru [*.....]
Gold:   186        SH:  0    Dex: 11    Spells: 13/15 levels left

rFire   . . .      SeeInvis .   a - +0 trident
rCold   . . .      Faith    .   (no shield)
rNeg    . . .      Spirit   .   b - +0 leather armour
rPois   +          Reflect  .   s - +1 hat
rElec   .          Harm     .   (no cloak)
rCorr   .          Rampage  .   m - +0 pair of gloves
Will    .....                   (no boots)
Stlth   ..........              (no amulet)
HPRegen 0.22/turn               h - ring of poison resistance
MPRegen 0.14/turn               i - +6 ring of strength

@: berserking, lethally poisoned (-1 -> -5), very quick
A: fangs 1, strong nose, distributed training
a: Renounce Religion, Heroism


You were on level 5 of the Dungeon.
You worshipped Okawaru.
Okawaru was aware of your devotion.
You visited 2 branches of the dungeon, and saw 6 of its levels.

You collected 186 gold pieces.

Inventory:

Hand Weapons
 a - a +0 trident (weapon)
 u - a +0 hunting sling
Missiles
 d - 5 boomerangs of dispersal
 g - 33 arrows
 l - 194 stones
 p - 54 bolts
 q - 6 javelins
 w - 7 poisoned darts (quivered)
 A - 5 boomerangs
Armour
 b - a +0 leather armour (worn)
 m - a +0 pair of gloves (worn)
 s - a +1 hat (worn)
Magical Staves
 v - a staff of earth
Jewellery
 h - a ring of poison resistance (left hand)
 i - a +6 ring of strength (right hand)
 x - an amulet of faith
 y - a ring of protection from cold
Scrolls
 c - a scroll of blinking
 j - a scroll of magic mapping {unknown}
 k - 7 scrolls of identify {unknown}
 B - a scroll of torment {unknown}
 F - a scroll of brand weapon {unknown}
Potions
 e - a potion of brilliance {unknown}
 f - a potion of invisibility {unknown}
 n - 2 potions of curing {unknown}
 o - 2 potions of lignification {unknown}
 r - a potion of ambrosia {unknown}
 t - a potion of flight {unknown}
 z - a potion of haste {unknown}
 C - a potion of heal wounds {unknown}
 D - a potion of degeneration {unknown}
 E - 2 potions of berserk rage


   Skills:
 + Level 5.1 Fighting
 + Level 2.1 Short Blades
 + Level 2.1 Long Blades
 + Level 2.1 Axes
 + Level 2.1 Maces & Flails
 + Level 5.1 Polearms
 + Level 2.1 Staves
 + Level 2.1 Slings
 + Level 2.1 Bows
 + Level 2.1 Crossbows
 + Level 3.4 Throwing
 + Level 3.4 Armour
 + Level 5.1 Dodging
 + Level 2.1 Stealth
 + Level 2.1 Shields
 + Level 2.1 Unarmed Combat
 + Level 5.4 Spellcasting
 + Level 1.7 Conjurations
 + Level 1.7 Hexes
 + Level 1.7 Summonings
 + Level 1.7 Necromancy
 + Level 5.7 Translocations
 + Level 1.7 Transmutations
 + Level 1.7 Fire Magic
 + Level 1.7 Ice Magic
 + Level 1.7 Air Magic
 + Level 1.7 Earth Magic
 + Level 1.7 Poison Magic
 + Level 2.4 Invocations
 + Level 2.1 Evocations


You had 13 spell levels left.
You knew the following spells:

 Your Spells              Type           Power      Damage    Failure   Level
a - Blink                 Tloc           34%        N/A       3%          2

Your spell library contained the following spells:

 Spells                   Type           Power      Damage    Failure   Level
 Gell's Gravitas          Tloc           17%        N/A       6%          3
 Lesser Beckoning         Tloc           17%        N/A       6%          3
 Teleport Other           Tloc           17%        N/A       6%          3
 Manifold Assault         Tloc           17%        N/A       50%         5


Dungeon Overview and Level Annotations

Branches:
Dungeon (5/15)             Temple (1/1) D:4

Altars:
Ashenzari
Cheibriados
Dithmenos
Elyvilon
Fedhas
Gozag
Hepliaklqana
Kikubaaqudgha
Makhleb
Nemelex Xobeh
Okawaru
Qazlal
Ru
Sif Muna
Trog
Uskayaw
Vehumet
Wu Jian
Xom
Yredelemnul
The Shining One

Shops:
D:3 [


Innate Abilities, Weirdness & Mutations

You have very sharp teeth.
Your uncanny sense of smell can sniff out nearby items.
Your experience applies equally to all skills.


Message History

The water moccasin is lightly wounded.
The water moccasin closely misses you. The water moccasin barely misses you.
You miss the water moccasin.
The water moccasin is lightly wounded.
The water moccasin bites you.
You hit the water moccasin.
You bite the water moccasin, but do no damage.
The water moccasin is moderately wounded.
The water moccasin bites you.
You are poisoned.
The water moccasin poisons you! The water moccasin bites you!
You hit the water moccasin but do no damage.
The water moccasin is moderately wounded.
* * * LOW HITPOINT WARNING * * *
You feel very sick. The water moccasin bites you.
* * * LOW HITPOINT WARNING * * *
You barely miss the water moccasin. You bite the water moccasin.
The water moccasin is moderately wounded.
* * * LOW HITPOINT WARNING * * *
You feel very sick. The water moccasin bites you.
* * * LOW HITPOINT WARNING * * *
Unknown command.
It was a potion of berserk rage.
A red film seems to cover your vision as you go berserk!
You feel yourself moving faster!
You feel mighty!
You feel sick.
The water moccasin bites you but does no damage.
The water moccasin bites you.
* * * LOW HITPOINT WARNING * * *
Unknown command.
You puncture the water moccasin! You bite the water moccasin!
The water moccasin is almost dead.
You feel sick. The water moccasin barely misses you.
You puncture the water moccasin!
You kill the water moccasin!
Okawaru is honoured by your kill.
You can now gain great but temporary skills.
You feel sick.
The centaur shoots an arrow.
The arrow hits you!
You die...

..[###.......##.# ..
..........#...# .#
#...##........ ##.#
##<.........#. .
##..#.........#......
..#####....[##.######.†....
#........# #..# ##>#...
###...#.####.# #.#...
#(.....c†@...## #.####
#.#####.##[...#######.##
#.#..##..........##
#.#.###########...## #.#.
#.#..# #... #..#.. #.##
##.### ### #.# #.#


You could see a centaur.

Vanquished Creatures
  2 water moccasins (D:5)
  4 hounds
  A jelly (D:5)
  A hound skeleton (D:4)
  5 adders
  2 adder skeletons
  4 worms
  3 dart slugs
  An orc (D:3)
  6 endoplasms
  5 giant cockroaches
  6 goblins
  6 hobgoblins
  6 quokkas
  6 ball pythons
  10 bats
  3 frilled lizards
  11 kobolds
  3 rats
85 creatures vanquished.

Notes
Turn   | Place    | Note
-------+----------+-------------------------------------------
     0 | D:1      | Ablot the Gnoll Warper began the quest for the Orb.
     0 | D:1      | Reached XP level 1. HP: 20/20 MP: 6/6
   116 | D:1      | Reached XP level 2. HP: 26/26 MP: 7/7
   138 | D:1      | Learned a level 2 spell: Blink
   775 | D:1      | Reached XP level 3. HP: 31/31 MP: 9/9
   786 | D:1      | You fall into a shaft and drop 1 floor!
   789 | D:2      | Reached skill level 5 in Spellcasting
   902 | D:2      | Reached skill level 1 in Invocations
  1414 | D:2      | Reached skill level 1 in Short Blades
  1414 | D:2      | Reached skill level 1 in Long Blades
  1414 | D:2      | Reached skill level 1 in Axes
  1414 | D:2      | Reached skill level 1 in Maces & Flails
  1414 | D:2      | Reached skill level 1 in Staves
  1414 | D:2      | Reached skill level 1 in Slings
  1414 | D:2      | Reached skill level 1 in Bows
  1414 | D:2      | Reached skill level 1 in Crossbows
  1414 | D:2      | Reached skill level 1 in Stealth
  1414 | D:2      | Reached skill level 1 in Shields
  1414 | D:2      | Reached skill level 1 in Unarmed Combat
  1414 | D:2      | Reached skill level 1 in Evocations
  1633 | D:2      | Reached XP level 4. HP: 33/38 MP: 11/11
  1994 | D:3      | Reached skill level 1 in Conjurations
  1994 | D:3      | Reached skill level 1 in Hexes
  1994 | D:3      | Reached skill level 1 in Summonings
  1994 | D:3      | Reached skill level 1 in Necromancy
  1994 | D:3      | Reached skill level 1 in Transmutations
  1994 | D:3      | Reached skill level 1 in Fire Magic
  1994 | D:3      | Reached skill level 1 in Ice Magic
  1994 | D:3      | Reached skill level 1 in Air Magic
  1994 | D:3      | Reached skill level 1 in Earth Magic
  1994 | D:3      | Reached skill level 1 in Poison Magic
  2246 | D:3      | Found Gyxirecs's Armour Boutique.
  2384 | D:3      | Found a faded altar of an unknown god.
  2521 | D:4      | Reached XP level 5. HP: 40/43 MP: 12/12
  2641 | D:4      | Found a staircase to the Ecumenical Temple.
  3524 | Temple   | Entered the Ecumenical Temple
  3829 | Temple   | Became a worshipper of Warmaster Okawaru
  4025 | D:5      | Entered Level 5 of the Dungeon
  4046 | D:4      | Reached XP level 6. HP: 41/50 MP: 13/13
  4294 | D:5      | Noticed a water moccasin
  4304 | D:5      | Killed a water moccasin
  4305 | D:5      | Reached skill level 5 in Fighting
  4305 | D:5      | Reached skill level 5 in Polearms
  4305 | D:5      | Reached skill level 5 in Dodging
  4438 | D:5      | Noticed a water moccasin
  4452 | D:5      | Killed a water moccasin
  4452 | D:5      | Reached * piety under Okawaru
  4452 | D:5      | Shot with an arrow by a centaur

Illustrated notes

Levels and vault maps discovered:
D:1:      dpeg_arrival_tiny_a, layout_basic, serial_curves, eino_curves_04,
          eino_curves_01, chequers_serial_rivers_micro_e
D:2:      layout_loops_cross
D:3:      layout_rooms, shapermc_ecumenical_altar_notcrosses, serial_shops,
          nicolae_shop_window_shopping, grunt_ministairs_14
D:4:      layout_basic, temple_doors_e
D:5:      layout_rooms, minmay_misc_feat_x, uniq_ijyb
Temple:   roderic_octagonal_lattice_temple

Skill      XL: |  1  2  3  4  5  6 |
---------------+-------------------+-----
Spellcasting   | 5 |  5.4
Invocations    | 1 2 |  2.4
Short Blades   | 1 2 |  2.1
Long Blades    | 1 2 |  2.1
Axes           | 1 2 |  2.1
Maces & Flails | 1 2 |  2.1
Staves         | 1 2 |  2.1
Slings         | 1 2 |  2.1
Bows           | 1 2 |  2.1
Crossbows      | 1 2 |  2.1
Stealth        | 1 2 |  2.1
Shields        | 1 2 |  2.1
Unarmed Combat | 1 2 |  2.1
Evocations     | 1 2 |  2.1
Conjurations   | 1 |  1.7
Hexes          | 1 |  1.7
Summonings     | 1 |  1.7
Necromancy     | 1 |  1.7
Transmutations | 1 |  1.7
Fire Magic     | 1 |  1.7
Ice Magic      | 1 |  1.7
Air Magic      | 1 |  1.7
Earth Magic    | 1 |  1.7
Poison Magic   | 1 |  1.7
Throwing       | 3 |  3.4
Armour         | 3 |  3.4
Fighting       | 5 |  5.1
Polearms       | 5 |  5.1
Dodging        | 5 |  5.1
Translocations | |  5.7

Action                   |  1- 3 |  4- 6 || total
-------------------------+-------+-------++-------
Melee: Spear             |   162 |   179 ||   341
       Bite              |    14 |    18 ||    32
       Punch             |     3 |     3 ||     6
       Trident           |       |    30 ||    30
Throw: Dart              |       |     4 ||     4
       Boomerang         |       |     1 ||     1
  Use: Potion            |       |     1 ||     1
 Stab: Sleeping          |       |     1 ||     1
Armor: Leather armour    |    33 |    51 ||    84
Dodge: Dodged            |    75 |    98 ||   173
